 Dungeon Crawl Stone Soup version 0.24-a0-528-g98e85ec62a (webtiles) character file.

Game seed: 1894533717368601347

46 Holzbalken the Cudgeler (level 3, 0/27 HPs)
             Began as a Demonspawn Gladiator on Aug 5, 2019.
             Slain by a ball python (1 damage)
             ... on level 2 of the Dungeon.
             The game lasted 00:04:10 (1398 turns).

Holzbalken the Cudgeler (Demonspawn Gladiator)      Turns: 1398, Time: 00:04:10

Health: 0/27       AC:  4    Str: 14    XL:     3   Next: 44%
Magic:  3/3        EV:  9    Int:  9    God:
Gold:   81         SH:  0    Dex: 15    Spells: 2/2 levels left

rFire    . . .     SeeInvis .   n - +0 dagger
rCold    . . .     Gourm    .   (no shield)
rNeg     . . .     Faith    .   b - +0 leather armour
rPois    .         Spirit   .   c - +0 helmet
rElec    .         Reflect  .   (no cloak)
rCorr    .         Harm     .   (no gloves)
MR       .....                  (no boots)
Stlth    +++.......             (no amulet)
HPRegen  0.09/turn              (no ring)
MPRegen  0.08/turn              (no ring)

@: constricted
A: claws 1, nightstalker 1
a: no special abilities


You were on level 2 of the Dungeon.
You were not hungry.

You visited 1 branch of the dungeon, and saw 2 of its levels.

You collected 81 gold pieces.

Inventory:

Hand Weapons
 a - a +0 flail
 n - a +0 dagger (weapon)
Missiles
 d - 3 throwing nets (quivered)
Armour
 b - a +0 leather armour (worn)
 c - a +0 helmet (worn)
Scrolls
 e - 2 scrolls of remove curse {unknown}
 j - 2 scrolls of noise {unknown}
 k - a scroll of enchant armour {unknown}
 l - a scroll of fog {unknown}
 m - a scroll of fear {unknown}
 p - 4 scrolls of identify {unknown}
Potions
 h - a potion of resistance {unknown}
 i - a potion of curing {unknown}
 o - 2 potions of brilliance {unknown}
Comestibles
 f - a ration


   Skills:
 - Level 2.0 Fighting
 + Level 1.2 Short Blades
 - Level 3.5 Maces & Flails
 - Level 1.7 Throwing
 - Level 2.6 Dodging
 + Level 1.2 Stealth


You had 2 spell levels left.
You didn't know any spells.
Your spell library was empty.

Dungeon Overview and Level Annotations

Branches:
Dungeon (2/15)

Altars:


Innate Abilities, Weirdness & Mutations

You have sharp fingernails.
You are slightly more attuned to the shadows.


Message History

Found a stone staircase leading up.
You hit the ball python but do no damage.
The bat hits you.
* * * LOW HITPOINT WARNING * * *
The ball python bites you.
* * * LOW HITPOINT WARNING * * *
The ball python constricts you.
You closely miss the ball python. The bat hits you but does no damage.
The rat barely misses you. The ball python barely misses you.
The ball python constricts you.
You hit the ball python but do no damage.
The bat completely misses you.
The ball python bites you but does no damage.
The ball python constricts you. The rat barely misses you.
All of the chunks of flesh in your inventory have rotted away.
You hit the ball python.
The ball python is severely wounded.
The bat hits you but does no damage.
The ball python bites you but does no damage.
You die...

... .. .### .. ...
...#..<.. . .## ..#.
.... .. ..## #..####..#
.). ...##
#.....#.####.... ....#
#........br....#
..#.####.....#..@S.....
.$#.............##..###
.......................
...#####.....####...###
...# #.#...###!..##
..######.##..[.....#
..##(..............#
.....###............
..#####.)..).....?#.


You could see a bat, a ball python and a rat.

Vanquished Creatures
  An ooze (D:2)
  3 dart slugs (D:1)
  5 bats
  2 giant cockroaches
  7 goblins
  4 hobgoblins (D:1)
  3 jackals (D:1)
  2 kobolds
  A frilled lizard (D:1)
  5 rats
33 creatures vanquished.

Notes
Turn   | Place    | Note
-------+----------+-------------------------------------------
     0 | D:1      | Holzbalken the Demonspawn Gladiator began the quest for the
                  | Orb.
     0 | D:1      | Reached XP level 1. HP: 16/16 MP: 1/1
   159 | D:1      | Reached skill level 3 in Maces & Flails
   212 | D:1      | Gained mutation: You are slightly more attuned to the
                  | shadows. [demonic ancestry]
   212 | D:1      | Reached XP level 2. HP: 14/22 MP: 2/2
  1153 | D:1      | Gained mutation: You have sharp fingernails. [demonic
                  | ancestry]
  1153 | D:1      | Reached XP level 3. HP: 27/27 MP: 3/3
  1174 | D:1      | Reached skill level 1 in Short Blades
  1283 | D:2      | Reached skill level 1 in Stealth
  1395 | D:2      | HP: 1/27 [ball python (2)]
  1398 | D:2      | Slain by a ball python

Levels and vault maps discovered:
D:1:      onia_arrival_pentagram, layout_loops_ring, nrook_mini_vaults,
          minmay_split_cup_large
D:2:      layout_rooms, doesnt_xom_only_xom

Skill      XL: |  1  2  3 |
---------------+----------+-----
Maces & Flails | 3 |  3.5
Short Blades   | 1 |  1.2
Stealth        | 1 |  1.2
Fighting       | |  2.0
Throwing       | |  1.7
Dodging        | |  2.6

Action                   || total
-------------------------++-------
Melee: Flail             ||    39
       Dagger            ||   101
 Stab: Sleeping          ||     8
  Eat: Chunk             ||     2
Armor: Leather armour    ||    47
Dodge: Dodged            ||   111

Table legend:
 A = Non-vault XP
 B = Vault XP
 C = Vault XP percentage of total XP
 D = Non-vault monster count
 E = Vault monster count
 F = Vault count percentage of total count
                 A         B        C        D         E       F
            +---------+---------+-------+---------+---------+-------
      Total |      59 |       7 |  10.6 |      29 |       4 |  12.1
            +---------+---------+-------+---------+---------+-------
        D:1 |      39 |       7 |  15.2 |      19 |       4 |  17.4
        D:2 |      20 |       0 |   0.0 |      10 |       0 |   0.0
            +---------+---------+-------+---------+---------+-------
